 Dungeon Sprint DCSS version 0.19-a0-1920-g83281cb (webtiles) character file.

5829 LORDOFBUTT the Peltast (level 11, -20/75 HPs)
             Began as a Formicid Fighter on Oct 24, 2016.
             Was an Initiate of Gozag.
             Demolished by a dire elephant (33 damage)
             ... in the Dungeon (Sprint IX: "|||||||||||||||||||||||||||||").
             The game lasted 00:04:53 (1807 turns).

LORDOFBUTT the Peltast (Formicid Fighter)           Turns: 1807, Time: 00:04:53

Health: -20/75     AC:  9    Str: 22    XL:     11   Next: 7%
Magic:  11/11      EV: 16    Int: 12    God:    Gozag
Gold:   2673       SH: 16    Dex: 16    Spells: 0 memorised, 10 levels left

rFire  . . .     SeeInvis +     p - +1 broad axe (freeze)
rCold  . . .     Gourm    .     t - +1 scale mail
rNeg   . . .     Faith    .     c - +0 shield
rPois  .         Spirit   .     (helmet unavailable)
rElec  .         Reflect  .     q - +0 cloak
rCorr  .         Harm     .     (no gloves)
MR     +....                    (no boots)
Stlth  +.........               (no amulet)
                                s - +3 ring of intelligence
                                r - +2 ring of evasion

@: agile
A: permanent stasis, dig shafts and tunnels, four strong arms, antennae 3
a: Dig, Potion Petition, Call Merchant, Bribe Branch, Renounce Religion


You were in the Dungeon.
You worshipped Gozag.
Gozag was most pleased with you.
You were not hungry.

You visited 1 branch You collected 2673 gold pieces.

Inventory:

Hand Weapons
 p - a +1 broad axe of freezing (weapon)
 w - a +2 morningstar of protection
Armour
 c - a +0 shield (worn)
 q - a +0 cloak (worn)
 t - a +1 scale mail (worn)
Jewellery
 r - a +2 ring of evasion (left hand)
 s - a +3 ring of intelligence (right hand)
Wands
 o - a wand of acid (0/15)
Scrolls
 b - 6 scrolls of enchant weapon
 k - 3 scrolls of blinking
 m - 3 scrolls of remove curse
 n - 2 scrolls of amnesia
 u - a scroll of fog
Potions
 e - 6 potions of curing
 g - 2 potions of heal wounds
 h - 2 potions of haste
 i - 4 potions of magic
 j - a potion of berserk rage
 l - a potion of invisibility
Miscellaneous
 v - a disc of storms


   Skills:
 - Level 3.2 Fighting
 + Level 17.0 Axes
 - Level 3.2 Armour
 + Level 19.7 Shields


You had 10 spell levels left.
You didn't know any spells.

Dungeon Overview and Level Annotations

Branches:
Dungeon (1/1)

Altars:
Cheibriados
Dithmenos
Elyvilon
Fedhas
Gozag
Hepliaklqana
Kikubaaqudgha
Makhleb
Nemelex Xobeh
Okawaru
Qazlal
Ru
Sif Muna
Trog
Uskayaw
Vehumet
Xom
Yredelemnul
Zin
The Shining One
Beogh
Jiyva
Lugonu


Innate Abilities, Weirdness & Mutations

You are under a permanent stasis effect.
You can dig through walls and to a lower floor.
Your four strong arms can wield two-handed weapons with a shield.
You have a pair of large antennae on your head. (SInv)


Message History

You block the dire elephant's attack.
You hit the dire elephant but do no damage.
The dire elephant tramples you!!
* * * LOW HITPOINT WARNING * * *
You stumble backwards!
You slash the dire elephant! You freeze the dire elephant.
The dire elephant is lightly wounded.
You slash the dire elephant! You freeze the dire elephant.
The dire elephant is moderately wounded.
You block the dire elephant's attack. The dire elephant trunk-slaps you.
* * * LOW HITPOINT WARNING * * *
Your scale mail prevents you from hitting the dire elephant.
The dire elephant is moderately wounded.
The dire elephant closely misses you. The dire elephant trunk-slaps you.
* * * LOW HITPOINT WARNING * * *
You slash the dire elephant! You freeze the dire elephant.
The dire elephant is heavily wounded.
The dire elephant tramples you!!
You die...
Your body crumbles into a pile of gold.

▓.▓.▓.▓
▓.▓.▓.▓
▓.▓.▓(▓
▓.▓.▓.▓
▓.▓.▓)▓
▓'▓.▓.▓
▓.▓.▓.▓
▓.▓.▓.▓
▓@▓.▓÷▓
▓Y▓.▓.▓
▓Y▓.▓.▓
▓)▓.▓.▓
{
▓.▓.▓.▓
{
▓(▓.▓.▓
{
▓.▓.▓'▓
{
▓.▓.▓_▓
{
▓)▓.▓_▓


You could see 2 dire elephants.

Vanquished Creatures
  2 hydras (D)
  A centaur warrior (D)
  An elephant (D)
  A black mamba (D)
  2 spiny frogs (D)
  2 komodo dragons (D)
  A blink frog (D)
  2 hippogriffs (D)
  3 yaks (D)
  A vampire mosquito (D)
  A porcupine (D)
  3 water moccasins (D)
  An orc warrior (D)
  An eye of draining (D)
  2 crocodiles (D)
  2 bullfrogs (D)
  2 jellies (D)
  A worker ant (D)
  A shadow imp (D)
  A worm (D)
  An orc (D)
  2 bat skeletons (D)
  A giant cockroach (D)
  A hobgoblin (D)
  A quokka (D)
  A ball python zombie (D)
  A kobold (D)
  2 rats (D)
41 creatures vanquished.

Notes
Turn   | Place    | Note
-------+----------+-------------------------------------------
     0 | D        | LORDOFBUTT the Formicid Fighter began the quest for the Orb.
     0 | D        | Reached XP level 1. HP: 18/18 MP: 1/1
     6 | D        | Reached skill level 4 in Shields
   112 | D        | Noticed a jelly
   115 | D        | Killed a jelly
   115 | D        | Reached skill level 6 in Shields
   115 | D        | Reached XP level 2. HP: 15/24 MP: 2/2
   115 | D        | Reached XP level 3. HP: 18/29 MP: 3/3
   122 | D        | Reached skill level 5 in Axes
   128 | D        | Reached skill level 7 in Shields
   128 | D        | Reached XP level 4. HP: 8/35 MP: 4/4
   376 | D        | Found a roughly hewn altar of Beogh.
   376 | D        | Found a snail-covered altar of Cheibriados.
   376 | D        | Found a shadowy altar of Dithmenos.
   376 | D        | Found a white marble altar of Elyvilon.
   376 | D        | Found a blossoming altar of Fedhas.
   376 | D        | Found an opulent altar of Gozag.
   377 | D        | Found a hazy altar of Hepliaklqana.
   378 | D        | Found a viscous altar of Jiyva.
   379 | D        | Found an ancient bone altar of Kikubaaqudgha.
   380 | D        | Found a corrupted altar of Lugonu.
   381 | D        | Found a burning altar of Makhleb.
   382 | D        | Found a sparkling altar of Nemelex Xobeh.
   383 | D        | Found an iron altar of Okawaru.
   384 | D        | Found a stormy altar of Qazlal.
   386 | D        | Became a worshipper of Gozag Ym Sagoz the Greedy
   388 | D        | Found a sacrificial altar of Ru.
   389 | D        | Found a deep blue altar of Sif Muna.
   390 | D        | Found a bloodstained altar of Trog.
   391 | D        | Found a hide-covered altar of Uskayaw.
   392 | D        | Found a radiant altar of Vehumet.
   393 | D        | Found a shimmering altar of Xom.
   394 | D        | Found a basalt altar of Yredelemnul.
   395 | D        | Found a glowing silver altar of Zin.
   396 | D        | Found a glowing golden altar of the Shining One.
   453 | D        | Noticed a bullfrog
   453 | D        | Noticed a yak
   453 | D        | Noticed a yak
   455 | D        | Killed a bullfrog
   455 | D        | Reached skill level 8 in Shields
   455 | D        | Reached XP level 5. HP: 41/41 MP: 5/5
   465 | D        | Killed a yak
   465 | D        | Reached skill level 10 in Shields
   465 | D        | Reached XP level 6. HP: 29/47 MP: 6/6
   468 | D        | Killed a yak
   468 | D        | Reached skill level 10 in Axes
   468 | D        | Reached skill level 12 in Shields
   468 | D        | Reached XP level 7. HP: 21/52 MP: 7/7
   719 | D        | Noticed a centaur warrior
   719 | D        | Noticed a vampire mosquito
   731 | D        | Killed a centaur warrior
   731 | D        | Reached skill level 14 in Shields
   731 | D        | Reached XP level 8. HP: 26/58 MP: 1/8
   742 | D        | Reached skill level 15 in Shields
   750 | D        | Reached XP level 9. HP: 39/64 MP: 3/9
   993 | D        | Noticed a black mamba
   993 | D        | Noticed a spiny frog
   993 | D        | Noticed a hippogriff
   993 | D        | Noticed a six-headed hydra
  1004 | D        | Noticed a spiny frog
  1007 | D        | Killed a black mamba
  1007 | D        | Reached skill level 16 in Shields
  1010 | D        | Killed a spiny frog
  1023 | D        | Killed a hippogriff
  1060 | D        | Killed a spiny frog
  1060 | D        | Reached skill level 17 in Shields
  1064 | D        | Killed a six-headed hydra
  1064 | D        | Reached skill level 15 in Axes
  1064 | D        | Reached skill level 18 in Shields
  1064 | D        | Reached XP level 10. HP: 22/70 MP: 10/10
  1132 | D        | Noticed a komodo dragon
  1133 | D        | Noticed a four-headed hydra
  1187 | D        | Killed a komodo dragon
  1203 | D        | Reached skill level 19 in Shields
  1319 | D        | Killed a four-headed hydra
  1427 | D        | Noticed a komodo dragon
  1438 | D        | Killed a komodo dragon
  1438 | D        | Reached XP level 11. HP: 29/75 MP: 11/11
  1470 | D        | Noticed an elephant
  1470 | D        | Noticed an elephant
  1470 | D        | Noticed an elephant
  1470 | D        | Noticed an elephant
  1470 | D        | Noticed a dire elephant
  1470 | D        | Noticed a dire elephant
  1475 | D        | Killed an elephant
  1478 | D        | HP: 1/75 [elephant (5)]
  1807 | D        | Demolished by a dire elephant

Vault maps used:
D:        linesprint

Skill      XL: |  1  2  3  4  5  6  7  8  9 10 11 |
---------------+----------------------------------+-----
Shields        | 6 7 8 10 12 14 15 18 19 | 19.7
Axes           | 4 5 6 9 10 12 13 15 16 17 | 17.0
Fighting       | |  3.2
Armour         | |  3.2

Action                   |  1- 3 |  4- 6 |  7- 9 | 10-12 || total
-------------------------+-------+-------+-------+-------++-------
Melee: War axe           |    32 |       |       |       ||    32
       Broad axe         |       |    15 |    62 |    85 ||   162
       Morningstar       |       |       |       |    18 ||    18
Invok: Potion Petition   |       |       |       |     1 ||     1
Evoke: Wand              |       |       |     6 |     1 ||     7
       Disc of storms    |       |       |     1 |       ||     1
  Use: Potion            |       |       |     1 |     5 ||     6
 Stab: Distracted        |       |       |     1 |       ||     1
  Eat: Bread ration      |       |       |       |     1 ||     1
Armor: Scale mail        |    13 |     4 |    12 |    23 ||    52
Dodge: Dodged            |     9 |     5 |    22 |    28 ||    64
Block: Shield            |    11 |     5 |    38 |    54 ||   108
